 Dungeon Crawl Stone Soup version 0.28.0-53-g5a82cb258f (webtiles) character file.

Game seed: 8508672772526198290

3356 styxcanada the Cleaver (level 9, -1/81 HPs)
             Began as a Minotaur Fighter on July 9, 2022.
             Was an Initiate of Gozag.
             Slain by a gnoll
             ... wielding a +2 halberd of venom
              (10 damage)
             ... on level 7 of the Dungeon.
             The game lasted 00:21:34 (8410 turns).

styxcanada the Cleaver (Minotaur Fighter)           Turns: 8410, Time: 00:21:35

Health: -1/81      AC: 16    Str: 24    XL:     9   Next: 73%
Magic:  8/8        EV:  8    Int:  5    God:    Gozag
Gold:   876        SH:  5    Dex: 11    Spells: 8/8 levels left

rFire   + . .      SeeInvis .   a - +1 war axe
rCold   . . .      Faith    .   c - +0 buckler
rNeg    . . .      Spirit   .   k - +0 chain mail
rPois   .          Reflect  .   (helmet restricted)
rElec   .          Harm     .   v - +2 cloak
rCorr   .          Rampage  .   e - +0 pair of gloves
Will    +....                   (no boots)
Stlth   ..........              (no amulet)
HPRegen 0.23/turn               m - ring of willpower
MPRegen 0.11/turn               y - ring of protection from fire

@: lethally poisoned (-1 -> -9), gold aura
A: horns 2, retaliatory headbutt
a: Renounce Religion, Potion Petition, Call Merchant, Bribe Branch


You were on level 7 of the Dungeon.
You worshipped Gozag.
Gozag was pleased with you.
You visited 2 branches of the dungeon, and saw 8 of its levels.

You collected 1026 gold pieces.
You spent 76 gold pieces at shops.
You paid 74 gold pieces to Gozag.

Inventory:

Hand Weapons
 a - a +1 war axe (weapon)
 f - a +0 hunting sling
 r - a +1 short sword of draining
 u - a +3 quarterstaff of chaos
 E - a +2 battleaxe of freezing
Missiles
 b - 48 sling bullets
 i - 218 stones
 t - 3 boomerangs (quivered)
Armour
 c - a +0 buckler (worn)
 e - a +0 pair of gloves (worn)
 k - a +0 chain mail (worn)
 p - an orb of wrath
 v - a +2 cloak (worn)
 B - a +0 tower shield
Jewellery
 m - a ring of willpower (left hand)
 s - a ring of see invisible
 y - a ring of protection from fire (right hand)
Wands
 h - a wand of charming (9)
 j - a wand of iceblast (13)
Scrolls
 d - 4 scrolls of teleportation
 q - a scroll of blinking
Potions
 g - a potion of lignification
 l - 2 potions of brilliance
 n - a potion of resistance
 o - a potion of magic
 w - a potion of attraction {unknown}
 x - a potion of ambrosia {unknown}
 z - a potion of berserk rage {unknown}
 A - a potion of degeneration {unknown}
 C - a potion of invisibility {unknown}


   Skills:
 * Level 8.2 Fighting
 + Level 10.1 Axes
 * Level 9.2 Armour
 + Level 1.9 Dodging
 + Level 5.5 Shields
 * Level 3.9 Evocations


You had 8 spell levels left.
You didn't know any spells.
Your spell library contained the following spells:

 Spells                   Type           Power      Damage    Failure   Level
 Ensorcelled Hibernation  Hex/Ice        0%         N/A       99%         2
 Passwall                 Tmut/Erth      0%         N/A       99%         2
 Static Discharge         Conj/Air       0%         N/A       99%         2
 Sublimation of Blood     Necr           0%         N/A       99%         2
 Swiftness                Air            0%         N/A       100%        3
 Dispel Undead            Necr           0%         3d6       100%        4
 Petrify                  Tmut/Erth      0%         N/A       100%        4
 Sticky Flame             Conj/Fire      0%         2d3       100%        4
 Irradiate                Conj/Tmut      0%         3d13      100%        5


Dungeon Overview and Level Annotations

Branches:
Dungeon (7/15)             Temple (1/1) D:4

Altars:
Cheibriados
Dithmenos
Elyvilon
Fedhas
Gozag
Hepliaklqana
Makhleb
Nemelex Xobeh
Okawaru
Uskayaw
Wu Jian
Yredelemnul
Zin

Shops:
D:1 ?[([

Annotations:
D:7 1 transporter, osoart's ghost, novice SpCj


Innate Abilities, Weirdness & Mutations

You have a pair of horns on your head.
You reflexively headbutt those who attack you in melee.


Message History

Things that are here:
5 gold pieces; a +0 whip You feel sick.
The gnoll closely misses you.
The gnoll shaman calls down the wrath of its god upon you.
You resist with almost no effort. The gnoll hits you but does no damage.
You are more poisoned.
The gnoll barely misses you.
You feel very sick. The gnoll misses you. You furiously retaliate!
You headbutt the gnoll. The gnoll shaman barely misses you.
The gnoll zaps a wand.
The puff of flame hits you. You resist. You block the gnoll's attack.
The gnoll hits you from afar with a +2 halberd of venom!
The gnoll closely misses you.
You hit the gnoll. Your headbutt misses the gnoll.
The gnoll is moderately wounded.
You closely miss the gnoll shaman. You hit the gnoll.
You hit the gnoll but do no damage. You slash the gnoll!
You feel very sick. The gnoll closely misses you.
The gnoll shaman hits you with a +0 whip.
The gnoll hits you but does no damage. The gnoll hits you with a +0 halberd!
* * * LOW HITPOINT WARNING * * *
You block the gnoll's attack.
The gnoll is distracted by your dazzling golden aura.
You hit the gnoll but do no damage.
You headbutt the gnoll, but do no damage.
The gnoll is moderately wounded.
You slash the gnoll!
You kill the gnoll!
You slash the gnoll! x2; You hit the gnoll shaman.
You feel very sick.
The gnoll hits you with a +1 halberd of electrocution.
* * * LOW HITPOINT WARNING * * *
The gnoll shaman is distracted by your dazzling golden aura.
The gnoll zaps a wand.
The puff of flame hits you but does no damage.
You resist. The gnoll barely misses you.
The gnoll hits you from afar with a +2 halberd of venom!
You die...
Your body crumbles into a pile of gold.

#..≈≈≈≈≈≈≈≈≈≈≈...≈≈≈≈≈≈≈≈≈≈≈..
#..≈≈≈≈≈≈≈≈≈≈≈...≈≈≈≈≈≈≈≈≈≈≈..
####..≈≈#####...........#####≈≈..
..##..≈≈#...#.###.©.###.#.g.#≈≈..
......≈≈#...###.#####.###g..#≈≈..
......≈≈###.............g.###≈≈..
......≈≈.8#.######'######g#8.≈≈..
#.....≈≈.##.#.⌠g#g$8#)..#.##.≈≈..
#.....≈≈.#..'.g$@.©⌠#:.$gg.#.≈≈..
#.....≈≈.##g#.⌠g#gg8#")$#.##.≈≈.#
#.....≈≈.8#.######'######.#8.≈≈.#
.>....≈≈###gg..gg.... ..gg###≈≈..
#.....≈≈#...###©#####.###.gg#≈≈..
#.....≈≈#...#.###.©.###.#..g#≈≈..
......≈≈#####...........#####≈≈..
......≈≈≈≈≈≈≈≈≈≈≈≈≈≈≈≈≈≈≈≈≈≈≈≈≈..
......≈≈≈≈≈≈≈≈≈≈≈≈≈≈≈≈≈≈≈≈≈≈≈≈≈..


You could see 4 gnoll sergeants, a gnoll shaman (unaware) and 5 gnolls.

Vanquished Creatures
  A troll (D:7)
  Grinder (D:3)
  Prince Ribbit (D:5)
  Sigmund (D:2)
  A wyvern (D:6)
  Eustachio (D:4)
  Menkaure (D:5)
  Duvessa (D:5)
  2 ogres
  A necrophage (D:6)
  An ice beast (D:6)
  3 centaurs
  A kobold brigand (D:6)
  4 bullfrogs
  Blork the orc (D:5)
  2 scorpions
  A wyvern skeleton (D:6)
  Dowan (D:5)
  5 wights (D:7)
  4 howler monkeys
  3 orc priests
  A centaur skeleton (D:7)
  3 hounds
  Crazy Yiuf (D:6)
  Ijyb (D:3)
  Terence (D:3)
  A hound skeleton (D:4)
  8 gnolls
  7 adders
  2 white imps
  An adder skeleton (D:4)
  A dart slug (D:2)
  15 orcs
  6 ball pythons
  3 bats
  5 endoplasms
  2 giant cockroaches (D:1)
  4 goblins
  8 hobgoblins
  8 jackals
  3 quokkas
  2 frilled lizards
  8 kobolds
  A rat (D:2)
129 creatures vanquished.

Vanquished Creatures (others)
  4 fungi
  7 plants
  3 toadstools (D:7)
14 creatures vanquished.

Grand Total: 143 creatures vanquished

Notes
Turn   | Place    | Note
-------+----------+-------------------------------------------
     0 | D:1      | styxcanada the Minotaur Fighter began the quest for the
                  | Orb.
     0 | D:1      | Reached XP level 1. HP: 19/19 MP: 0/0
    57 | D:1      | Found Lusug's Antique Armour Shoppe.
   106 | D:1      | Reached XP level 2. HP: 22/27 MP: 1/1
   416 | D:1      | Found Yngux's Magic Scroll Shoppe.
   425 | D:1      | Bought a scroll of identify for 22 gold pieces
   551 | D:1      | Found Asaism's Weapon Boutique.
   563 | D:1      | Found Faq Forr's Armour Shoppe.
   571 | D:1      | Bought a +0 cloak for 54 gold pieces
   827 | D:1      | Found a faded altar of an unknown god.
   886 | D:2      | Reached XP level 3. HP: 34/34 MP: 2/2
   893 | D:2      | Reached skill level 3 in Axes
  1264 | D:2      | Noticed Sigmund
  1269 | D:2      | Killed Sigmund
  1270 | D:2      | Reached skill level 4 in Axes
  1270 | D:2      | Reached skill level 5 in Armour
  1270 | D:2      | Reached XP level 4. HP: 20/41 MP: 3/3
  1270 | D:2      | Reached XP level 5. HP: 23/47 MP: 4/4
  2084 | D:3      | Reached skill level 5 in Fighting
  2086 | D:3      | Reached skill level 1 in Dodging
  2486 | D:3      | Noticed Grinder
  2487 | D:3      | Paralysed by Grinder for 3 turns
  2488 | D:3      | Noticed Ijyb
  2492 | D:3      | Killed Ijyb
  2493 | D:3      | Reached XP level 6. HP: 31/56 MP: 5/5
  2496 | D:3      | Killed Grinder
  2497 | D:3      | Reached skill level 5 in Axes
  2499 | D:3      | Reached XP level 7. HP: 22/61 MP: 6/6
  2845 | D:3      | Noticed Terence
  2853 | D:3      | Killed Terence
  2854 | D:3      | Reached skill level 6 in Axes
  3311 | D:4      | Reached skill level 1 in Evocations
  3676 | D:4      | Noticed Eustachio
  3703 | D:4      | Killed Eustachio
  3999 | D:4      | Found a staircase to the Ecumenical Temple.
  4006 | Temple   | Entered the Ecumenical Temple
  4029 | Temple   | Became a worshipper of Gozag Ym Sagoz the Greedy
  4419 | D:5      | Entered Level 5 of the Dungeon
  4448 | D:5      | Noticed Prince Ribbit
  4496 | D:5      | Killed Prince Ribbit
  4497 | D:5      | Reached skill level 7 in Axes
  4497 | D:5      | Reached XP level 8. HP: 40/71 MP: 7/7
  4642 | D:5      | Noticed Blork the orc
  4649 | D:5      | Killed Blork the orc
  4934 | D:5      | Noticed Duvessa
  4935 | D:5      | Noticed Dowan
  4944 | D:5      | Killed Duvessa
  4945 | D:5      | Killed Dowan
  5278 | D:5      | Noticed Menkaure
  5287 | D:5      | HP: 2/73 [Menkaure (14)]
  5288 | D:5      | Killed Menkaure
  5289 | D:5      | Reached skill level 8 in Axes
  6122 | D:6      | Reached XP level 9. HP: 64/79 MP: 8/8
  6206 | D:6      | Found a runed translucent door.
  6207 | D:6      | Noticed Crazy Yiuf
  6212 | D:6      | Killed Crazy Yiuf
  6374 | D:6      | Reached skill level 9 in Axes
  6588 | D:6      | Reached skill level 5 in Shields
  7643 | D:7      | Noticed osoart's ghost (novice SpCj)
  7645 | D:7      | Noticed a troll
  7657 | D:7      | Killed a troll
  7786 | D:7      | Found a transporter.
  7857 | D:7      | Reached skill level 10 in Axes
  8338 | D:7      | Found a transporter.
  8410 | D:7      | Slain by a gnoll

Illustrated notes

Levels and vault maps discovered:
D:1:      roderic_dead_forest, layout_loops_ring,
          shapermc_ecumenical_altar_hornbeckon, serial_shops, shop_fountains,
          nicolae_shop_bloodbath_and_beyond, nicolae_shop_crystal,
          nicolae_square_shop, minmay_vboxes
D:2:      layout_loops_corners, uniq_sigmund
D:3:      layout_loops_ring, minmay_between, uniq_grinder, uniq_terence,
          uniq_ijyb
D:4:      layout_loops_cross, minmay_temple_entry_waves, nrook_mini_backslash,
          uniq_eustachio
D:5:      layout_basic, uniq_prince_ribbit1, uniq_duvessa, uniq_blork_the_orc,
          uniq_menkaure
D:6:      minmay_angry_zag, layout_gridville, uniq_crazy_yiuf_cottage
D:7:      layout_basic, gammafunk_ghost_gnarly_gnolls, minmay_gold_behind_fungi
Temple:   grunt_wide_crystal_templ

Skill      XL: |  1  2  3  4  5  6  7  8  9 |
---------------+----------------------------+-----
Fighting       | 4 5 6 7 8 |  8.2
Armour         | 4 5 6 8 9 |  9.2
Axes           | 4 5 7 8 10 | 10.1
Shields        | 4 5 |  5.5
Dodging        | 1 |  1.9
Evocations     | 2 3 |  3.9

Action                   |  1- 3 |  4- 6 |  7- 9 || total
-------------------------+-------+-------+-------++-------
Melee: War axe           |    52 |    52 |   253 ||   357
       Headbutt          |     9 |     9 |    43 ||    61
Throw: Stone             |       |       |     1 ||     1
Evoke: Wand              |       |       |     2 ||     2
  Use: Potion            |     1 |       |       ||     1
       Scroll            |       |     8 |     7 ||    15
 Stab: Distracted        |       |       |     4 ||     4
       Invisible         |       |       |     1 ||     1
Armor: Scale mail        |    11 |       |       ||    11
       Chain mail        |    15 |    31 |   142 ||   188
Dodge: Dodged            |    25 |    20 |   109 ||   154
Block: Buckler           |    12 |    17 |    55 ||    84
